 Dungeon Crawl Stone Soup version 0.31-a0-934-gf4fcaacff8 (webtiles) character file.

Game seed: 12688873280366442283

1783 MacCMillion the Ruffian (level 9, -3/59 HPs)
             Began as an Octopode Shapeshifter on Oct 20, 2023.
             Was an Initiate of Gozag.
             Slain by a sky beast (6 damage)
             ... on level 6 of the Dungeon.
             The game lasted 00:09:32 (6529 turns).

MacCMillion the Ruffian (Octopode Shapeshifter)     Turns: 6529, Time: 00:09:32

Health: -3/59      AC:  1    Str: 24    XL:     9   Next: 8%
Magic:  9/9        EV: 14    Int: 12    God:    Gozag
Gold:   424        SH:  3    Dex: 11    Spells: 8/8 levels left

rFire   . .          .
                       - Unarmed
rCold   . . .        m - +0 buckler
rNeg    . . .        (helmet currently unavailable)
rPois   .            (no amulet)
rElec   .            e - +6 ring of strength
rCorr   .            (no ring)
SInv    .            (no ring)
Will    .....        (no ring)
Stlth   ++++         (no ring)
HPRegen 0.29/turn    (no ring)
MPRegen 0.11/turn    (no ring)
                     (no ring)

%: no passive effects
@: beast-form
A: beast (slay +2), almost no armour, amphibious, 8 rings, camouflage 1,
gelatinous body 1, (nimble swimmer 1), tentacles
a: Begin Untransformation, Renounce Religion, Potion Petition, Call Merchant,
Bribe Branch


You were on level 6 of the Dungeon.
You worshipped Gozag.
Gozag was aware of your devotion.
You were a hulking beast.
You visited 2 branches of the dungeon, and saw 7 of its levels.
You also visited: Sewer.

You collected 484 gold pieces.
You paid 60 gold pieces to Gozag.

Inventory:

Missiles
 n - 3 atropa-tipped darts
 B - 3 poisoned darts
Armour
 m - a +0 buckler (worn)
Jewellery
 e - a +6 ring of strength (left tentacle)
 o - an amulet of faith
 F - a ring of poison resistance
Talismans
 b - a beast talisman (active)
 c - a flux talisman
 E - a maw talisman
Scrolls
 d - a scroll of noise {unknown}
 g - 3 scrolls of blinking
 i - a scroll of silence
 j - 3 scrolls of enchant weapon
 q - a scroll of fear {unknown}
 r - a scroll of immolation {unknown}
 u - a scroll of acquirement {unknown}
 v - a scroll of torment {unknown}
 x - 3 scrolls of revelation {unknown}
 y - a scroll of teleportation {unknown}
 A - a scroll of identify
Potions
 a - 2 potions of lignification
 f - 2 potions of heal wounds {unknown}
 h - a potion of mutation {unknown}
 k - 5 potions of curing
 l - 2 potions of attraction
 p - a potion of resistance {unknown}
 s - a potion of invisibility {unknown}
 t - 3 potions of brilliance
 w - a potion of might {unknown}
 z - a potion of haste {unknown}
 C - 2 potions of enlightenment {unknown}
 D - a potion of ambrosia {unknown}


   Skills:
 + Level 4.7 Fighting
 + Level 5.0 Dodging
 + Level 5.9 Stealth
 * Level 7.4 Unarmed Combat
 + Level 5.1 Shapeshifting


You had 8 spell levels left.
You didn't know any spells.
Your spell library was empty.

Dungeon Overview and Level Annotations

Branches:
Dungeon (6/15)             Temple (1/1) D:4           Sewer (visited)

Altars:
Dithmenos
Elyvilon
Fedhas
Gozag
Kikubaaqudgha
Makhleb
Nemelex Xobeh
Qazlal
Ru
Trog
Uskayaw
Vehumet
Wu Jian
Xom
Yredelemnul
Zin
The Shining One

Annotations:
D:3 Robin
D:4 3 runed translucent doors, Nuuskmuik's ghost, amateur MfGl
D:6 Pikel


Innate Abilities, Weirdness & Mutations

You are a hulking beast.
Your limbs bulge with bestial killing power. (Slay +2)
You cannot wear most types of armour.
You are amphibious.
You can wear up to eight rings at the same time.
Your skin changes colour to match your surroundings (Stealth+).
Your rubbery body absorbs attacks. (AC +1, EV +1)
((You are camouflaged when in or above water. (Stealth+)))
You have tentacles for arms and can constrict up to eight enemies at once.


Message History

No target in view!
No target in view!
Found a ring mail.
You now have 420 gold pieces (gained 4).
You see here a +3 spear.
Found a sacrificial altar of Ru.
You now have 424 gold pieces (gained 4).
A sky beast comes into view.
A sky beast is nearby!
An ogre comes into view. It is wielding a +0 giant club.
Found a glowing gold wand.
The ogre shouts!
The sky beast flickers out of sight!
Deactivating autopickup; reactivate with Ctrl-A.
You barely miss the ogre.
The ogre hits you with a +0 giant club!!
You tentacle-slap the ogre.
The ogre is lightly wounded.
Something barely misses you.
You barely miss the ogre. Your squeeze misses the ogre.
The ogre is lightly wounded.
The ogre hits you with a +0 giant club!!
* * * LOW HITPOINT WARNING * * *
Something hits you.
* * * LOW HITPOINT WARNING * * *
Something shocks you.
* * * LOW HITPOINT WARNING * * *
You are too injured to fight recklessly!
You are too injured to fight recklessly!
You tentacle-slap the ogre.
Your tentacle-slap misses the ogre.
You squeeze the ogre, but do no damage.
The ogre is moderately wounded.
Unknown command.
You tentacle-slap the ogre.
The ogre is heavily wounded.
You block the ogre's attack. Something hits you.
* * * LOW HITPOINT WARNING * * *
Something shocks you.
You die...
Your body crumbles into a pile of gold.

######## ##......##
#####..../...##.
...............
............# #..........#
..... #.O{.......## ....
#..h......... ....
##...........
###.###.......?.## .
.................. #.
###................
##.#####.....#..........##
#.......................#
........................#
.......................##


You could see an ogre.

Vanquished Creatures
  Eustachio (D:4)
  3 water moccasins
  Duvessa (D:5)
  An ogre (D:5)
  A centaur (D:6)
  A lemure (D:5)
  2 phantoms
  A bullfrog (D:6)
  A scorpion (D:4)
  Dowan (D:5)
  A howler monkey (D:5)
  A gnoll bouda (D:5)
  4 hounds
  5 iguanas
  2 orc wizards
  A hell rat (Sewer)
  12 gnolls
  3 river rats (Sewer)
  7 adders
  2 worms
  10 dart slugs
  12 orcs
  5 ball pythons
  6 endoplasms
  3 giant cockroaches
  12 goblins
  6 hobgoblins
  12 jackals
  5 kobolds
  6 quokkas
  7 bats
  5 frilled lizards
  7 rats
147 creatures vanquished.

Vanquished Creatures (others)
  A human (D:3)
1 creature vanquished.

Grand Total: 148 creatures vanquished

Notes
Turn   | Place    | Note
-------+----------+-------------------------------------------
     0 | D:1      | MacCMillion the Octopode Shapeshifter began the quest for
                  | the Orb.
     0 | D:1      | Reached XP level 1. HP: 13/13 MP: 1/1
   114 | D:1      | Reached XP level 2. HP: 16/18 MP: 2/2
   121 | D:1      | You fall into a shaft and drop 1 floor!
   283 | D:2      | Reached XP level 3. HP: 12/23 MP: 3/3
   852 | D:1      | Reached XP level 4. HP: 27/29 MP: 4/4
  1335 | D:3      | Found an ancient bone altar of Kikubaaqudgha.
  1358 | D:3      | Reached skill level 1 in Stealth
  1463 | D:3      | Noticed a human
  1465 | D:3      | Killed a human
  1501 | D:3      | Reached skill level 4 in Unarmed Combat
  1609 | D:3      | Reached XP level 5. HP: 33/34 MP: 5/5
  1652 | D:3      | Found a white marble altar of Elyvilon.
  1761 | D:3      | Noticed Robin
  2679 | D:4      | Found a runed translucent gate.
  2679 | D:4      | Found a runed translucent gate.
  2680 | D:4      | Found a runed translucent gate.
  2681 | D:4      | Noticed Nuuskmuik's ghost (amateur MfGl)
  2684 | D:4      | Noticed a phantom
  2702 | D:4      | Killed a phantom
  2703 | D:4      | Reached XP level 6. HP: 33/41 MP: 6/6
  2886 | D:4      | Found a glowing drain.
  2895 | Sewer    | Entered a sewer
  3284 | D:4      | Noticed Eustachio
  3301 | D:4      | Killed Eustachio
  3302 | D:4      | Reached skill level 5 in Unarmed Combat
  3302 | D:4      | Reached XP level 7. HP: 35/46 MP: 7/7
  3958 | D:4      | Found a staircase to the Ecumenical Temple.
  4002 | Temple   | Entered the Ecumenical Temple
  4026 | Temple   | Became a worshipper of Gozag Ym Sagoz the Greedy
  4182 | D:5      | Entered Level 5 of the Dungeon
  4399 | D:5      | Noticed Duvessa
  4404 | D:5      | Reached skill level 6 in Unarmed Combat
  4404 | D:5      | Reached XP level 8. HP: 45/52 MP: 8/8
  4412 | D:5      | Killed Duvessa
  4417 | D:5      | Noticed Dowan
  4565 | D:5      | Killed Dowan
  4908 | D:5      | Reached skill level 5 in Stealth
  5747 | D:5      | Reached skill level 7 in Unarmed Combat
  5841 | D:5      | Reached skill level 5 in Shapeshifting
  6198 | D:6      | Reached XP level 9. HP: 52/59 MP: 9/9
  6241 | D:6      | Noticed Pikel
  6449 | D:6      | Reached skill level 5 in Dodging
  6506 | D:6      | Found a sacrificial altar of Ru.
  6529 | D:6      | Slain by a sky beast

Illustrated notes

Levels and vault maps discovered:
D:1:      dpeg_chamrin_arrival_tetris, layout_basic, minmay_heptomino_l4
D:2:      layout_loops_ring
D:3:      layout_loops_ring, elyvilon_altar_1, tgw_kikubaaqudgha, uniq_robin
D:4:      layout_gridville, temple_green, gammafunk_ghost_split,
          portal_sewer_entry_d, uniq_eustachio
D:5:      layout_loops_ring, st_stairs_5, uniq_duvessa
D:6:      layout_rooms, mainiacjoe_overflow_alcove_2, uniq_pikel, uniq_jeremiah
Temple:   jpeg_temple_clearing

Skill      XL: |  1  2  3  4  5  6  7  8  9 |
---------------+----------------------------+-----
Stealth        | 1 2 3 4 5 |  5.9
Unarmed Combat | 4 5 6 7 |  7.4
Fighting       | 2 3 4 |  4.7
Dodging        | 3 4 5 |  5.0
Shapeshifting  | 4 5 |  5.1

Action                     |  1- 3 |  4- 6 |  7- 9 || total
---------------------------+-------+-------+-------++-------
  Melee: Unarmed           |    68 |   105 |   133 ||   306
         Tentacles         |    13 |    19 |    43 ||    75
         Constrict         |    17 |    27 |    38 ||    82
         Punch             |     1 |     1 |     7 ||     9
  Throw: Dart              |       |       |     1 ||     1
    Use: Scroll            |       |     6 |       ||     6
   Stab: Sleeping          |     6 |     7 |     7 ||    20
         Distracted        |       |       |     1 ||     1
 Armour: Skin              |    22 |    41 |    69 ||   132
  Dodge: Dodged            |    34 |    47 |    82 ||   163
  Block: Buckler           |       |    13 |    19 ||    32

Table legend: (Time is in decaauts)
 A = Elapsed time spent in this place.
 B = Non-inter-level travel time spent in this place.
 C = Inter-level travel time spent in this place.
 D = Time resting spent in this place.
 E = Time spent auto-exploring this place.
 F = Levels seen in this place.
 G = Mean time per level.
                   A        B        C        D        E       F      G
               +--------+--------+--------+--------+--------+-----+--------+
         Total |   6513 |   6298 |    215 |   2241 |   2762 |   8 |  814.1 |
       Dungeon |   6171 |   6002 |    169 |   2030 |   2748 |   6 | 1028.5 |
        Temple |     48 |      2 |     46 |      0 |      0 |   1 |   48.0 |
         Sewer |    293 |    293 |      0 |    211 |     14 |   1 |  293.0 |
               +--------+--------+--------+--------+--------+-----+--------+

Top non-repeatable levels by time:
     D:4: 1892 daAuts
     D:5: 1450 daAuts
     D:3: 1179 daAuts
     D:2: 1006 daAuts
     D:1: 474 daAuts
   Sewer: 293 daAuts
     D:6: 168 daAuts
  Temple: 48 daAuts
